 Dungeon Crawl Stone Soup version 0.30-a0-385-gfebfb9b408 (webtiles) character file.

Game seed: 3795132808046059042

2 IdlyInterested the Chiller (level 1, 0/13 HPs)
             Began as a Demonspawn Wanderer on Dec 2, 2022.
             Frozen to death by an endoplasm (5 damage)
             ... on level 1 of the Dungeon.
             The game lasted 00:00:49 (55 turns).

IdlyInterested the Chiller (Demonspawn Wanderer)      Turns: 55, Time: 00:00:49

Health: 0/13       AC:  2    Str:  9    XL:     1   Next: 25%
Magic:  3/3        EV: 11    Int: 15    God:
Gold:   0          SH:  4    Dex: 13    Spells: 4/4 levels left

rFire   . . .      SeeInvis .    a - +0 dagger
rCold   . . .      Faith    .    d - +0 buckler
rNeg    . . .      Spirit   .    c - +0 robe
rPois   .          Reflect  .    (no helmet)
rElec   .          Harm     .    (no cloak)
rCorr   .          Rampage  .    (no gloves)
Will    .....                    (no boots)
Stlth   +.........               (no amulet)
HPRegen 0.22/turn                (no ring)
MPRegen 0.08/turn                (no ring)

@: no status effects
A: no striking features
a: no special abilities


You were on level 1 of the Dungeon.
You visited 1 branch of the dungeon, and saw 1 of its levels.

Inventory:

Hand Weapons
 a - a +0 dagger (weapon)
Armour
 c - a +0 robe (worn)
 d - a +0 buckler (worn)
Potions
 b - a potion of haste


   Skills:
 - Level 1.0 Dodging
 - Level 1.0 Shields
 - Level 2.0 Spellcasting
 * Level 3.7 Ice Magic
 - Level 2.0 Poison Magic


You had 4 spell levels left.
You didn't know any spells.
Your spell library contained the following spells:

 Spells                   Type           Power      Damage    Failure   Level
 Freeze                   Ice            48%        1d6       7%          1
 Sting                    Tmut/Pois      16%        1d3       21%         1
 Hailstorm                Conj/Ice       7%         3d4       38%         3
 Mephitic Cloud           Conj/Pois/Air  3%         N/A       56%         3
 Olgreb's Toxic Radiance  Pois           7%         N/A       78%         4


Dungeon Overview and Level Annotations

Branches:
Dungeon (1/15)

Altars:


Message History

Aim: a bat (heavily wounded, 39% to hit)
You throw a stone.
The stone hits the bat but does no damage.
The bat is heavily wounded.
The bat barely misses you. The bat closely misses you.
You barely miss the bat.
The bat is heavily wounded.
The bat barely misses you.
Throw: 2 stones
Press: ? - help, Q - select action Shift-Dir - straight line, f/p - bat
Aim: a bat (heavily wounded, 39% to hit)
You throw a stone. The stone misses the bat.
The bat barely misses you. The bat misses you. The bat hits you.
You hit the bat but do no damage.
The bat is heavily wounded.
The bat barely misses you.
Throw: stone
Press: ? - help, Q - select action Shift-Dir - straight line, f/p - bat
Aim: a bat (heavily wounded, 39% to hit)
You throw a stone. The stone hits the bat.
The bat is severely wounded.
The bat closely misses you.
You hit the bat.
You kill the bat!
You start resting.
HP restored.
You open the door.
There is an open door here.
An endoplasm comes into view.
The endoplasm freezes you.
You are frozen.
You hit the endoplasm.
The endoplasm is heavily wounded.
The endoplasm freezes you.
You are frozen.
You hit the endoplasm.
The endoplasm is severely wounded.
The endoplasm freezes you.
You are frozen.
You die...

... ..# ..# #.. #..
... # #..##.. .####
...#.##. .... ###
#........#...#####.
#.J#.#...#.##...###
#.@#.#...#.##.....#
##.#.#.....##......
#...#....##.......
##.......##...<...
#...#.###.....♣..
#...+..##........
#...#..##........
##..#....###.....
#####'#..#.#####...


You could see an endoplasm.

Vanquished Creatures
  A bat (D:1)
  A frilled lizard (D:1)
2 creatures vanquished.

Notes
Turn   | Place    | Note
-------+----------+-------------------------------------------
     0 | D:1      | IdlyInterested the Demonspawn Wanderer began the quest for
                  | the Orb.
     0 | D:1      | IdlyInterested set off with the following items: a +0
                  | dagger, a potion of haste, a +0 robe, a +0 buckler; and the
                  | following spells available to memorise: Freeze, Sting,
                  | Hailstorm, Mephitic Cloud, Olgreb's Toxic Radiance.
     0 | D:1      | Reached XP level 1. HP: 13/13 MP: 3/3
    55 | D:1      | Frozen to death by an endoplasm

Illustrated notes

Levels and vault maps discovered:
D:1:      spicycebolla_green_bress_n_ham, layout_basic

Action                   || total
-------------------------++-------
Melee: Dagger            ||    11
Throw: Stone             ||     5
Dodge: Dodged            ||    13
Block: Buckler           ||     4

Table legend: (Time is in decaauts)
 A = Elapsed time spent in this place.
 B = Non-inter-level travel time spent in this place.
 C = Inter-level travel time spent in this place.
 D = Time resting spent in this place.
 E = Time spent auto-exploring this place.
 F = Levels seen in this place.
 G = Mean time per level.
                   A        B        C        D        E       F      G
               +--------+--------+--------+--------+--------+-----+--------+
         Total |     56 |     56 |      0 |      4 |     19 |   1 |   56.0 |
       Dungeon |     56 |     56 |      0 |      4 |     19 |   1 |   56.0 |
               +--------+--------+--------+--------+--------+-----+--------+

Top non-repeatable levels by time:
     D:1: 56 daAuts
